Cogmind - Beta 13 @@@ ROGUE MODE // 2024.04.14 @ 18:01:01 Player: LEWiKK Result: Destroyed by YU-VWY(R) with Subdweller Laser Performance ------------- Evolutions (0) 0 Regions Visited (2) 400 Robots Destroyed (17) 85 Value Destroyed (471) 471 Prototype IDs (0) 0 Alien Tech Used (0) 0 Bonus (0) 0 TOTAL SCORE: 956 Bonus ------- None Cogmind --------- Core Integrity 0/250 Matter 277/300 Energy 94/100 System Corruption 2% Temperature Cool (6) Movement Walking (190) Ox1 Location -10/Subcaves Parts ------- > --- POWER (1) -------- (None) > --- PROPULSION (2) --- Aluminum Leg > --- UTILITY (2) ------ Medium Storage Unit Subdweller Optics > --- WEAPON (2) ------- Heavy Assault Rifle Heavy Assault Rifle > --- INVENTORY (10) --- Ion Engine Aluminum Leg Aluminum Leg Aluminum Leg Aluminum Leg Heavy Assault Rifle Mini Grenade Launcher Mining Laser Peak State ------------ > --- POWER ------------ Light Ion Engine > --- PROPULSION ------- Aluminum Leg Aluminum Leg > --- UTILITY ---------- Medium Storage Unit Subdweller Optics > --- WEAPON ----------- Heavy Assault Rifle Heavy Assault Rifle > --- INVENTORY -------- Ion Engine Aluminum Leg Aluminum Leg Aluminum Leg Aluminum Leg Heavy Assault Rifle Heavy Assault Rifle Mini Grenade Launcher Mining Laser [Rating: 11] Favorites ----------- Power Light Ion Engine Engine Light Ion Engine Propulsion Aluminum Leg Leg Aluminum Leg Utility Medium Storage Unit Device Terrain Scanner Storage Medium Storage Unit Weapon Light Assault Rifle Energy Gun Small Laser Ballistic Gun Light Assault Rifle Build | -11 -10 -10 ------- Run | Yrd Mat Sub Slots Evolved . | . . . Power . | . . . Propulsion . | . . . Utility . | . . . Weapon . | . . . Parts Attached 11 | . 8 3 Power 1 | . . 1 Engine 1 | . . 1 Core . | . . . Reactor . | . . . Propulsion 2 | . 2 . Treads . | . . . Leg 2 | . 2 . Wheel . | . . . Hover . | . . . Flight . | . . . Utility 3 | . 2 1 Device 2 | . 1 1 Storage 1 | . 1 . Processor . | . . . Hackware . | . . . Protection . | . . . Artifact . | . . . Weapon 5 | . 4 1 Energy Gun 1 | . 1 . Energy Cannon . | . . . Ballistic Gun 4 | . 3 1 Ballistic Cannon . | . . . Launcher . | . . . Special Weapon . | . . . Impact Weapon . | . . . Slashing Weapon . | . . . Piercing Weapon . | . . . Special Melee Weapon . | . . . Unidentified Prototypes . | . . . Parts Lost 7 | . 2 5 Power 2 | . . 2 Propulsion 1 | . . 1 Utility 1 | . . 1 Weapon 3 | . 2 1 Highest Loss Streak 3 | . 2 3 To Critical Strikes . | . . . Average Slot Usage (%) 89 | . 87 96 Engine 13 | . 14 12 Leg 27 | . 28 27 Device 4 | . 2 12 Storage 14 | . 14 14 Energy Gun 10 | . 12 . Ballistic Gun 17 | . 15 27 Naked Turns . | . . . Heaviest Build 21 | 11 20 21 Greatest Support 20 | 20 20 20 Greatest Overweight (x) 1 | . . 1 Average Overweight (x) . | . . . Largest Inventory Capacity 10 | . 10 10 Average Capacity 9 | . 8 10 Most Carried 10 | . 10 10 Average Carried 8 | . 8 9 Final Capacity 10 | 8 10 10 Final Carried 10 | 6 10 8 Class Distribution -------------------- 100% | Mutant Dominant Class ---------------- Mutant | -10/Materials Mutant | -10/Subcaves Resources | -11 -10 -10 ----------- Run | Yrd Mat Sub Matter Collected 392 | 200 102 90 Remotely . | . . . Salvage Created 619 | . 479 140 Parts 29 | . 23 6 Haulers Intercepted . | . . . Recyclers Shooed . | . . . Parts Field Recycled . | . . . Retrieved Matter . | . . . Parts Self-Destructed . | . . . Prevented . | . . . Kills | -11 -10 -10 ------- Run | Yrd Mat Sub Combat Hostiles Destroyed 14 | . 11 3 Guns 14 | . 11 3 Classes Destroyed 6 | . 5 1 Worker 1 | . 1 . Recycler 1 | . 1 . Watcher 1 | . 1 . Swarmer 3 | . 3 . Grunt 8 | . 8 . Subdweller 3 | . . 3 Best Kill Streak 3 | . 3 2 Combat Bots Only 3 | . 3 2 Max Kills in Single Turn 2 | . 2 1 Gunslinging . | . . . Exploded . | . . . Melee . | . . . Uniques/NPCs Destroyed . | . . . Combat | -11 -10 -10 -------- Run | Yrd Mat Sub Hostile Shots Fired 80 | . 49 31 Missed 16 | . 12 4 Damage Taken 1076 | . 485 591 Core 263 | . 108 155 Absorbed by Shields . | . . . Core Remaining (%) 100 | 100 . . Volleys Fired 59 | . 45 14 Largest 2 | . 2 2 Hottest 60 | . 60 46 Shots Fired 117 | . 89 28 Gun 117 | . 89 28 Cannon . | . . . Launcher . | . . . Special . | . . . Kinetic 72 | . 44 28 Thermal 20 | . 20 . Explosive . | . . . Electromagnetic 25 | . 25 . Robot Hit Streak 16 | . 16 12 Robot Miss Streak 2 | . 2 2 Penetration Max . | . . . Secondary Targets 3 | . 1 2 Max Gunslinging Chain 1 | . 1 1 Shots Hit Robots 87 | . 64 23 Core Hits 34 | . 28 6 Critical Kills . | . . . Critical Parts Destroyed 1 | . 1 . Critical Strikes 3 | . 2 1 Destroy 2 | . 1 1 Corrupt 1 | . 1 . Melee Attacks . | . . . Impact . | . . . Slashing . | . . . Piercing . | . . . Sneak Attacks . | . . . Combat Hostiles . | . . . Follow-up Attacks . | . . . Damage Inflicted 1052 | . 704 348 Guns 987 | . 639 348 Cannons . | . . . Explosions 65 | . 65 . Melee . | . . . Ramming . | . . . Kinetic 614 | . 266 348 Thermal 209 | . 209 . Explosive . | . . . Electromagnetic 229 | . 229 . Impact . | . . . Slashing . | . . . Piercing . | . . . Highest Corruption 2 | . 2 2 Average Corruption 2 | . 2 2 Corruption Purged . | . . . Corruption Blocked . | . . . Effects 2 | . . 2 Message Errors 2 | . . 2 Overload Shots . | . . . Overflow Damage 30 | . 30 . Projectiles . | . . . Explosions 30 | . 30 . Melee . | . . . Knockbacks . | . . . Impact . | . . . Kinetic . | . . . Secondary . | . . . Self-Inflicted Damage 35 | . 35 . Shots 1 | . 1 . Rammed . | . . . Targets Rammed . | . . . Kicked . | . . . Crushed . | . . . Highest Temperature 70 | . 70 . Average Temperature 28 | . 28 . Received Heat Transfer 390 | . 252 138 Siege Activations . | . . . Robots Corrupted . | . . . Combat Hostiles . | . . . Parts Fried . | . . . Impact Corruptions . | . . . Robots Melted . | . . . Combat Hostiles . | . . . Parts Melted . | . . . Heat Transferred 425 | . 425 . Parts Sabotaged . | . . . Parts Stolen . | . . . Parts Stripped . | . . . Power Chain Reactions 1 | . 1 . Alert | -11 -10 -10 ------- Run | Yrd Mat Sub Peak Influence 210 | . 210 . Initial . | . . . Average 78 | . 78 . Maximum Alert Level 1 | . 1 . Low Security (%) 98 | . 98 . Level 1 1 | . 1 . Level 2 . | . . . Level 3 . | . . . Level 4 . | . . . Level 5 . | . . . High Security . | . . . Max Security . | . . . Squads Dispatched 3 | . 3 . Investigation 1 | . 1 . Extermination . | . . . Reinforcement 2 | . 2 . Assault . | . . . Garrison . | . . . Intercept . | . . . Searches Triggered . | . . . Construction Impeded . | . . . Haulers Reinforced . | . . . Active Scanning Responses . | . . . Cargo Convoy Interrupts . | . . . Stealth | -11 -10 -10 --------- Run | Yrd Mat Sub Distress Signals 4 | . 4 . Communications Jammed . | . . . Distress Signals . | . . . Times Spotted 28 | . 22 6 Peak Tracking Total 4 | . 4 4 Tactical Retreats 3 | . 2 1 Traps | -11 -10 -10 ------- Run | Yrd Mat Sub Traps Triggered 2 | . 2 . Indirectly . | . . . Trap Hack Attempts . | . . . Triggered . | . . . Disarmed . | . . . Reprogrammed . | . . . Reused . | . . . Traps Extracted . | . . . Installed . | . . . Triggered . | . . . Machines | -11 -10 -10 ---------- Run | Yrd Mat Sub Machines Disabled . | . . . Max in Single Turn . | . . . Machines Repaired . | . . . Machines Dismantled . | . . . Machines Sabotaged . | . . . Overloaded Fab Kills . | . . . Hacking | -11 -10 -10 --------- Run | Yrd Mat Sub Machines Accessed 3 | . 3 . Terminals 3 | . 3 . Fabricators . | . . . Repair Stations . | . . . Recycling Units . | . . . Scanalyzers . | . . . Garrison Access . | . . . Total Hacks 11 | . 11 . Successful 8 | . 8 . Failed 3 | . 3 . Catastrophic 2 | . 2 . Database Lockouts . | . . . Manual 5 | . 5 . Terminals 11 | . 11 . Fabricators . | . . . Repair Stations . | . . . Recycling Units . | . . . Scanalyzers . | . . . Garrison Access . | . . . Terminal Hacks 5 | . 5 . Branch Access Points 1 | . 1 . Unreport Threat 1 | . 1 . Zone Layout 3 | . 3 . Fabricator Hacks . | . . . Repair Station Hacks . | . . . Recycling Unit Hacks . | . . . Scanalyzer . | . . . Garrison Access Hacks . | . . . Unauthorized Hacks 3 | . 3 . Terminals 3 | . 3 . Botnet 3 | . 3 . Fabricators . | . . . Repair Stations . | . . . Recycling Units . | . . . Scanalyzers . | . . . Garrison Access . | . . . Data Cores Recovered . | . . . Used . | . . . Hacking Detections 3 | . 3 . Full Trace Events . | . . . Feedback Events . | . . . Feedback Blocked . | . . . Robot Schematics Acquired . | . . . Robots Built . | . . . Authchips . | . . . Time . | . . . Total Robot Build Rating . | . . . Part Schematics Acquired . | . . . Parts Built . | . . . Authchips . | . . . Time . | . . . Total Part Build Rating . | . . . Parts Repaired . | . . . Time . | . . . Parts Recycled . | . . . Recycled Matter . | . . . Retrieved Matter . | . . . Retrieved Components . | . . . Parts Scanalyzed . | . . . Part Schematics Acquired . | . . . Parts Damaged . | . . . Bothacking | -11 -10 -10 ------------ Run | Yrd Mat Sub Used RIF Installer . | . . . Robots Hacked . | . . . Non-combat . | . . . Combat . | . . . Robot Hacks Applied . | . . . Relay Couplers Released . | . . . Fabnet Peak Effective % . | . . . Robots Rewired . | . . . Allies Hacked . | . . . Hacks Repelled . | . . . Allies | -11 -10 -10 -------- Run | Yrd Mat Sub Total Allies . | . . . Largest Group . | . . . Highest-Rated Group . | . . . Highest-Rated Ally . | . . . Total Orders . | . . . Ally Attacks . | . . . Total Damage . | . . . Kills . | . . . Allies Corrupted . | . . . Allies Melted . | . . . Intel | -11 -10 -10 ------- Run | Yrd Mat Sub Robot Analysis Total . | . . . Derelict Logs Recovered . | . . . Drone Launches . | . . . Drone Recoveries . | . . . Exploration | -11 -10 -10 ------------- Run | Yrd Mat Sub Turns Passed 1245 | . 984 261 Spaces Moved 670 | 1 517 152 Core . | . . . Treads . | . . . Legs 670 | 1 517 152 Wheels . | . . . Hover . | . . . Flight . | . . . Fastest Speed 120 | 120 120 120 Average Speed 123 | 120 120 133 Slowest Speed 190 | 120 120 190 Overloaded Moves . | . . . Propulsion Burnouts . | . . . Robots Hopped . | . . . Cave-ins Triggered . | . . . Exploration Rate (%) 25 | 2 64 11 Regions Visited 2 Branch Regions 1 Pre-discovered Areas . | . . . Known Exits Taken . | . . . Unknown Exits Taken 2 | 1 1 . Scrap Searched . | . . . Spaces Dug . | . . . Terrain Destroyed 2 | . 2 . Melee . | . . . Projectile . | . . . AOE 2 | . 2 . Terrain Rammed . | . . . Walls Destroyed . | . . . Machines Disabled . | . . . Actions | -11 -10 -10 --------- Run | Yrd Mat Sub Total 992 | . 810 182 Wait 214 | . 202 12 Move 668 | . 516 152 Hop . | . . . Pick Up 24 | . 23 1 Fast Attach . | . . . Attach 7 | . 4 3 Detach . | . . . Swap 4 | . 4 . Drop 16 | . 16 . Fire 59 | . 45 14 Melee . | . . . Ram . | . . . Kick . | . . . Crush . | . . . Escape Stasis . | . . . Rewire . | . . . Trap . | . . . Miscellaneous . | . . . Route ------- -11/Scrapyard -10/Materials (discovered 6 exits: [*Mat x3] / *Min x2 / [*Sub]) -10/Subcaves History --------- Turn | Location | Event 1 | -11/Scrapyard | Discovered new exit (range 0) 1 | -11/Scrapyard | Entered Materials 5 | -10/Materials | Discovered new exit (range 16) 226 | -10/Materials | Discovered new exit (range 8) 313 | -10/Materials | Build established: Mutant 354 | -10/Materials | Discovered new exit (range 14) 362 | -10/Materials | Identified exit to Mines 888 | -10/Materials | Discovered new exit (range 14) 978 | -10/Materials | Discovered new exit (range 5) 985 | -10/Materials | Entered Subcaves 1144 | -10/Subcaves | Core integrity fell below 50% 1234 | -10/Subcaves | Core integrity fell below 20% 1246 | -10/Subcaves | Destroyed by YU-VWY(R) with Subdweller Laser Last Messages --------------- IU-FZI(R) destroyed. Acquired 60 matter. EU-K5E(u) builds Twisted Machinery. Acquired Sub. Optics. II-IPU(O) collects matter. Acquired 10 matter. Subatomizers dissect the Sub. Beam Cannon. EU-K5E(u) builds Twisted Machinery. Subatomizers dissect the Sub. Beam Cannon. EU-K5E(u) builds Twisted Machinery. Subatomizers dissect the Sub. Beam Cannon. EU-K5E(u) builds Twisted Machinery. Aluminum Leg destroyed. Lgt. Ion Engine destroyed. YU-VWY(R) affixes Scrap Shield Fragment to Scrap Shield. Hvy. Assault Rifle destroyed. Subatomizers dissect the Sub. Beam Cannon. 1L-L1I(R) destroyed. Switching to secondary target: YU-VWY(R). Map ----- +----------------------------------------------------+ | ?????????????????????????????????????????????????? | | ?????????????????????????????????????????????????? | | ?????????????????????????????????????????????????? | | ?????????????????????????????????????????????????? | | ?????????????????????????????????????????????????? | | ??????????????????????"????????"? ???????????????? | | ?????????????????????????????"?" ???????????????? | | ?????????????????????"??????? # ????????????????? | | ????????????????##??? ???????# ??????????????? | | ????????????????? ##????? "" ??????????????? | | ?????????????????? " #?????# """ ##???????????? | | ?????????????????? """##????# "" #???????????? | | ???????????????????#""""#???## """ #????????????? | | ?????????????##??####"" ##### """ #?????????????? | | ????????????##" # ""### #??????????????? | | ????????????" "" """ #???#????????????? | | ????????????" "" """" #####????????????? | | ????????????""" "# # " """ "" ##???????????? | | ??????????????"?"""#" """ """""""" #???????????? | | ????????????????"""""""""" """"" % ##??????????? | | ????????????????"""" """ ""u "" ###??????????? | | ???????????????# "#"### ######????????????? | | ????????????????? ##??## ###????????????????? | | ???????????????????????###][&###?????????????????? | | ????????????????????????##%R##???????????????????? | | ???????????????????#???##@!&#????#???????????????? | | ???????????????????????# * ##???##??????###?????? | | ???????????????????????# ##?????????## #####?? | | ???????????????????????# ##??????### ##? | | ???????????????????????#### ###????# #? | | ??????????????????????????## ###### ###? | | ????????????????????#?#???## # # #### | | ???????????????????#?????## ### # | | ????????????????????????## # # # ## | | ???????????????????#???## % ########## | | ?????????????????????### #????????# # | | ??????????????????#??# % #?????#??# | | ?????????????????#???#### ## ##??#??#?## # | | ????????????????????????##%%### #???#?????##### | | ?????????????????????????#% #?#%%##????????????## | | ?????????????????????????# ## ##?????????????# | | ?????????????#???????#???# % #??????#?????# | | ?????????????????????????# #???????????# | | ??????????????#??????????# % #???????????##" | | ????????????????????????? ##????????????## | | ????????????????????????? % ###??????????????? | | ????????????????????????# ## %#????????????????? | | ???????????????????????? #?% #????? ??????????? | | ????????????????????????# ? % ???????????????? | | ???????????????????????? %% ? ??????????????? | +----------------------------------------------------+ Best States ------------- Heat Dissipation 25 Energy Generation 10 Energy Capacity 125 Matter Stores 300 Matter Capacity 300 Sight Range 21 Terrain Scan Range 14 Terrain Scan Density 10 Evasion (%) 55 Item Schematics ----------------- None Robot Schematics ------------------ None Fabricated ------------ Nothing Alien Tech Used ----------------- None Achievements -------------- None Challenges ------------ None Game ------ Seed TachyonSuperchargedBox Manual? 0 Play Time 00:11:48 Cumulative 27.4 hours Start 2024.04.14 @ 17:50:56 End 2024.04.14 @ 18:01:01 Sessions 1 Manual Loads 0 Difficulty Rogue Special Mode None Game No. 26 Rogue 26 Adventurer 0 Explorer 0 Win Type - Total 0 Types 0/0/0/0/0/0/0/0/0 Lore% 29 Gallery% 21 Achievement% 25 Wizard Run 0 Options --------- Layout 1 ASCII 0 Keyboard 0 Movement Mouse Keybinds 0 Fullscreen 2 Font 20/SmallcapsGlow Map View 54x42 Zoom Use 0% Tactical HUD 0 Map Filters NONE Filters NONE Steam 1 RUN: 9cf966eb-f563-494d-b83a-2f322e3625a3